 Dungeon Crawl Stone Soup version 0.31-a0-202-g547052bce9 (webtiles) character file.

Game seed: 13401560761719059627

21 senseless the Shooter (level 2, -1/24 HPs)
             Began as a Demigod Hunter on June 26, 2023.
             Slain by a gnoll
             ... wielding a +0 flail
              (4 damage)
             ... on level 1 of the Dungeon.
             The game lasted 00:00:46 (214 turns).

senseless the Shooter (Demigod Hunter)               Turns: 214, Time: 00:00:46

Health: -1/24      AC:  3    Str: 12    XL:     2   Next: 48%
Magic:  4/4        EV: 12    Int: 11    God:
Gold:   0          SH:  0    Dex: 17    Spells: 1/1 levels left

rFire   . . .        a - +0 shortbow
rCold   . . .        (shield currently unavailable)
rNeg    . . .        c - +0 leather armour
rPois   .            (no helmet)
rElec   .            (no cloak)
rCorr   .            (no gloves)
SInv    .            (no boots)
Will    .....        (no amulet)
Stlth   ++           (no ring)
HPRegen 0.24/turn    (no ring)
MPRegen 0.09/turn

%: no passive effects
@: no status effects
A: high MP 1, forlorn, divine attributes
a: no special abilities


You were on level 1 of the Dungeon.
You visited 1 branch of the dungeon, and saw 1 of its levels.

Inventory:

Hand Weapons
 a - a +0 shortbow (weapon)
 b - a +4 whip
Missiles
 e - 4 silver javelins
Armour
 c - a +0 leather armour (worn)
Scrolls
 d - a scroll of amnesia {unknown}
 f - a scroll of butterflies
 g - a scroll of identify {unknown}


   Skills:
 + Level 2.2 Fighting
 + Level 3.9 Ranged Weapons
 + Level 2.2 Dodging
 - Level 0.8 Stealth


You had one spell level left.
You didn't know any spells.
Your spell library was empty.

Dungeon Overview and Level Annotations

Branches:
Dungeon (1/15)


Innate Abilities, Weirdness & Mutations

You have an increased reservoir of magic. (+10% MP)
You shall have no god before yourself.
Your divine heritage dramatically boosts your attributes as you level up.


Message History

You kill the dart slug!
No target in view!
A jackal comes into view.
The jackal barks!
A jackal comes into view.
You shoot an arrow. The arrow closely misses the jackal.
A jackal comes into view.
The jackal moves out of view.
You shoot an arrow. The arrow hits the jackal!
You kill the jackal!
A gnoll comes into view. It is wielding a +0 flail.
You shoot an arrow. The gnoll shouts!
The arrow hits the jackal.
The jackal is lightly wounded.
You shoot an arrow. The arrow barely misses the jackal.
The jackal bites you but does no damage.
A hobgoblin comes into view.
The jackal bites you.
You shoot an arrow. The jackal barks!
The arrow hits the jackal.
You kill the jackal!
You hear a shout!
You shoot an arrow. The arrow hits the gnoll.
The gnoll is lightly wounded.
A hobgoblin comes into view.
You shoot an arrow. The arrow hits the gnoll.
The gnoll is heavily wounded.
The gnoll hits you with a +0 flail!
You shoot an arrow. The arrow closely misses the gnoll.
The arrow hits the jackal.
You kill the jackal!
The gnoll hits you with a +0 flail.
You shoot an arrow. The arrow hits the gnoll.
The gnoll is severely wounded.
The gnoll hits you with a +0 flail!
* * * LOW HITPOINT WARNING * * *
The gnoll hits you with a +0 flail.
You die...

## #.. ###### #.#
#....###.#
#.##...#.#
#.####...# .#### #.#
##..# ...g..#@###
#..#
#.g...###..#########
###.#...............
#.#######.....####
#.# ####...# ...
##..### ... #.....
... #.#### ...###.
#.#


You could see a gnoll.

Vanquished Creatures
  2 dart slugs (D:1)
  A ball python (D:1)
  2 endoplasms (D:1)
  A goblin (D:1)
  3 jackals (D:1)
  A kobold (D:1)
  3 quokkas (D:1)
  A bat (D:1)
14 creatures vanquished.

Notes
Turn   | Place    | Note
-------+----------+-------------------------------------------
     0 | D:1      | senseless the Demigod Hunter began the quest for the Orb.
     0 | D:1      | Reached XP level 1. HP: 17/17 MP: 3/3
    77 | D:1      | Reached XP level 2. HP: 24/24 MP: 4/4
   214 | D:1      | Slain by a gnoll

Illustrated notes

Levels and vault maps discovered:
D:1:      eino_arrival_water_cross, layout_rooms

Skill      XL: |  1 |
---------------+----+-----
Fighting       | 2 |  2.2
Dodging        | 2 |  2.2
Ranged Weapons | |  3.9
Stealth        | |  0.8

Action                     || total
---------------------------++-------
  Melee: Whip              ||     5
   Fire: Shortbow          ||    37
 Armour: Leather armour    ||     3
  Dodge: Dodged            ||     8

Table legend: (Time is in decaauts)
 A = Elapsed time spent in this place.
 B = Non-inter-level travel time spent in this place.
 C = Inter-level travel time spent in this place.
 D = Time resting spent in this place.
 E = Time spent auto-exploring this place.
 F = Levels seen in this place.
 G = Mean time per level.
                   A        B        C        D        E       F      G
               +--------+--------+--------+--------+--------+-----+--------+
         Total |    223 |    223 |      0 |      0 |    145 |   1 |  223.0 |
       Dungeon |    223 |    223 |      0 |      0 |    145 |   1 |  223.0 |
               +--------+--------+--------+--------+--------+-----+--------+

Top non-repeatable levels by time:
     D:1: 223 daAuts
